 Dungeon Crawl Stone Soup version 0.19.5 (webtiles) character file.

2935 Vetiran the Blocker (level 9, 0/55 HPs)
             Began as a Gargoyle Fighter on Apr 17, 2017.
             Was a Follower of Okawaru.
             Slain by an orc warrior
             ... wielding a +0 scimitar
              (15 damage)
             ... on level 7 of the Dungeon.
             The game lasted 00:28:13 (5194 turns).

Vetiran the Blocker (Gargoyle Fighter)              Turns: 5194, Time: 00:28:14

Health: 0/55       AC: 15    Str: 22    XL:     9   Next: 80%
Magic:  7/9        EV: 12    Int: 14    God:    Okawaru [*.....]
Gold:   445        SH: 20    Dex: 15    Spells: 0 memorised, 8 levels left

rFire  + + .     SeeInvis .     M - +8 spear "Ruropop" {pierce, rF++ Str+3 Int+4}
rCold  . . .     Gourm    .     w - +0 ring mail {MR+}
rNeg   + . .     Faith    .     v - +0 large shield
rPois  ∞         Spirit   .     (no helmet)
rElec  +         Reflect  .     (no cloak)
rCorr  +         Harm     .     P - +0 pair of gloves {Dex+3}
MR     ++...                    (no boots)
Stlth  ++........               (no amulet)
                                l - ring of resist corrosion
                                h - ring of protection from magic

@: heroism
A: negative energy resistance 1, electricity resistance, unbreathing,
petrification resistance, rot immunity, AC +5
a: Heroism, Renounce Religion


You were on level 7 of the Dungeon.
You worshipped Okawaru.
Okawaru was aware of your devotion.
You were not hungry.

You visited 2 branches of the dungeon, and saw 8 of its levels.
You also visited: Ossuary.

You collected 445 gold pieces.

Inventory:

Hand Weapons
 e - a +2 flail of venom
 M - the +8 spear "Ruropop" (weapon) {pierce, rF++ Str+3 Int+4}
   (You found it on level 5 of the Dungeon)

   It inflicts extra damage upon your enemies.
   It affects your strength (+3).
   It affects your intelligence (+4).
   It greatly protects you from fire.
Armour
 b - a +0 scale mail
 c - a +0 shield
 v - a +0 large shield (worn)
 w - a +0 ring mail of magic resistance (worn)
 P - a +0 pair of gloves of dexterity (worn)
Jewellery
 h - a ring of protection from magic (left hand)
 l - a ring of resist corrosion (right hand)
 m - an uncursed ring of protection from magic
 D - an uncursed ring of protection from magic
Wands
 d - a wand of paralysis (14/24)
 u - a wand of iceblast (6/15)
Scrolls
 g - 2 scrolls of teleportation {unknown}
 i - 2 scrolls of enchant weapon {unknown}
 k - a scroll of blinking {unknown}
 n - a scroll of magic mapping {unknown}
 q - 2 scrolls of amnesia {unknown}
 x - 2 scrolls of noise {unknown}
 y - a scroll of fear {unknown}
 A - 2 scrolls of immolation {unknown}
 B - 2 scrolls of fog {unknown}
 I - 3 scrolls of remove curse {unknown}
 K - 2 scrolls of enchant armour {unknown}
 O - a scroll of silence {unknown}
Potions
 a - 2 potions of cancellation
 p - 2 potions of cure mutation
 r - 3 potions of mutation
 s - 2 potions of brilliance
 t - 2 potions of flight
 z - a potion of invisibility
 C - a potion of haste
 E - 6 potions of curing
 F - 2 potions of lignification
 G - a potion of experience
 H - a potion of heal wounds
 J - 2 potions of resistance
Books
 o - a book of Debilitation

   Spells                             Type                      Level
   a - Corona                         Hexes                        1
   b - Slow                           Hexes                        2
   c - Gell's Gravitas                Hexes/Translocation          3
   d - Inner Flame                    Hexes/Fire                   3
   e - Cause Fear                     Hexes                        4
   f - Leda's Liquefaction            Hexes/Earth                  4
Comestibles
 f - 6 bread rations
 j - a slice of pizza
 L - a beef jerky
 N - a meat ration
 Q - 5 chunks of flesh


   Skills:
 - Level 6.1(11.1) Fighting
 + Level 5.7(10.7) Maces & Flails
 + Level 2.4(7.4) Polearms
 * Level 8.8(13.8) Armour
 * Level 9.1(14.1) Shields


You had 8 spell levels left.
You didn't know any spells.

Dungeon Overview and Level Annotations

Branches:
Dungeon (7/15)             Temple (1/1) D:5

Altars:
Ashenzari
Cheibriados
Dithmenos
Elyvilon
Fedhas
Gozag
Hepliaklqana
Kikubaaqudgha
Makhleb
Nemelex Xobeh
Okawaru
Qazlal
Ru
Sif Muna
Trog
Uskayaw
Vehumet
Xom
Yredelemnul
Zin
The Shining One

Shops:
D:6 *


Innate Abilities, Weirdness & Mutations

You are resistant to torment.
Your stone body is resilient. (AC +5)
You are immune to poison.
You resist negative energy. (rN+)
You are resistant to electric shocks. (rElec)
You can survive without breathing.
You are immune to petrification.
You are immune to rotting.


Message History

You barely miss the orc priest.
The orc priest is moderately wounded.
The orc priest calls down the wrath of Beogh upon you.
Beogh smites you!
The orc warrior hits you with a scimitar!
* * * LOW HITPOINT WARNING * * *
The orc wizard miscasts a cantrip.
You puncture the orc priest!
The orc priest is almost dead.
The orc priest closely misses you. You block the orc warrior's attack.
You hit the orc priest.
You kill the orc priest!
Okawaru accepts your kill. You block the orc warrior's attack.
A hungry ghost comes into view.
You gain the combat prowess of a mighty hero.
The orc wizard casts a spell.
The orc wizard seems to speed up.
The hungry ghost completely misses you.
The orc warrior hits you with a scimitar!
You die...

#................#....
#................'....
#.........)......#....
#...............#....
#.......##......#....
####'#####......#....
#...............#....
#...........)...#####
#...@o............
#####W####......##
#...o<# ##
.o.o...o.......


oo............. ..o............ ............... ..###....###... .. #....# ###
You could see a hungry ghost, an orc warrior and 2 orc wizards.

Vanquished Creatures
  The ghost of Jerry the Insei, an amateur OpMo (D:4)
  A black bear (D:6)
  3 ice beasts
  An ogre (D:7)
  An orc warrior (D:7)
  2 phantoms
  A sky beast (D:6)
  A centaur (D:7)
  A wyvern zombie (Ossuary)
  A scorpion (D:6)
  4 crimson imps
  2 centaur zombies (Ossuary)
  3 bullfrog zombies (Ossuary)
  A centaur skeleton (D:4)
  6 orc priests
  A hound (D:6)
  13 orc wizards
  3 bullfrog skeletons
  An iguana (D:5)
  Ijyb (D:3)
  4 worker ants
  A killer bee zombie (D:5)
  2 hound zombies (Ossuary)
  12 mummies (Ossuary)
  2 worker ant zombies
  4 gnolls
  A howler monkey zombie (Ossuary)
  8 adders
  2 shadow imps (D:5)
  5 oozes
  An adder zombie (Ossuary)
  An adder skeleton (D:4)
  3 worms
  2 dart slugs
  3 leopard geckos
  27 orcs
  5 giant cockroaches
  9 goblins
  7 hobgoblins
  11 jackals
  6 kobolds
  2 quokkas
  A ball python (D:4)
  10 bats
  4 frilled lizards
  A leopard gecko zombie (D:5)
  A quokka zombie (Ossuary)
  8 rats
191 creatures vanquished.

Vanquished Creatures (others)
  A hobgoblin (D:2)
  3 withered plants (Ossuary)
4 creatures vanquished.

Grand Total: 195 creatures vanquished

Notes
Turn   | Place    | Note
-------+----------+-------------------------------------------
     0 | D:1      | Vetiran the Gargoyle Fighter began the quest for the Orb.
     0 | D:1      | Reached XP level 1. HP: 14/14 MP: 1/1
    75 | D:1      | Reached XP level 2. HP: 15/19 MP: 2/2
   132 | D:1      | Reached XP level 3. HP: 22/23 MP: 3/3
   492 | D:1      | Reached skill level 4 in Shields
   775 | D:2      | Reached XP level 4. HP: 24/29 MP: 4/4
  1167 | D:2      | Found a white marble altar of Elyvilon.
  1371 | D:3      | Noticed Ijyb
  1383 | D:3      | Killed Ijyb
  1383 | D:3      | Reached XP level 5. HP: 30/33 MP: 5/5
  1742 | D:3      | Reached XP level 6. HP: 19/39 MP: 6/6
  1891 | D:3      | Reached skill level 5 in Armour
  1891 | D:3      | Reached skill level 5 in Shields
  2285 | D:4      | Reached XP level 7. HP: 39/44 MP: 7/7
  2377 | D:4      | Noticed Jerry's ghost (amateur OpMo)
  2411 | D:4      | Killed Jerry's ghost
  2411 | D:4      | Reached skill level 5 in Fighting
  2532 | D:4      | Reached skill level 6 in Shields
  3072 | D:4      | Reached XP level 8. HP: 46/49 MP: 8/8
  3131 | D:5      | Entered Level 5 of the Dungeon
  3136 | D:5      | Found a sand-covered staircase.
  3146 | Ossuary  | Entered an ossuary
  3618 | Ossuary  | Reached skill level 7 in Shields
  4105 | D:5      | Found a staircase to the Ecumenical Temple.
  4113 | Temple   | Entered the Ecumenical Temple
  4154 | Temple   | Became a worshipper of Warmaster Okawaru
  4194 | D:5      | Reached XP level 9. HP: 55/55 MP: 9/9
  4197 | D:5      | Got a fine spear
  4198 | D:5      | Identified the +8 spear "Ruropop" {pierce, rF++ Str+3 Int+4} (You found it on level 5 of the Dungeon)
  4400 | D:6      | Reached skill level 5 in Maces & Flails
  4400 | D:6      | Reached skill level 8 in Shields
  4435 | D:6      | Reached skill level 1 in Polearms
  4494 | D:6      | Found Wuhuimp's General Store.
  4790 | D:6      | Reached * piety under Okawaru
  5125 | D:7      | Reached skill level 9 in Shields
  5194 | D:7      | Slain by an orc warrior

Skill      XL: |  1  2  3  4  5  6  7  8  9 |
---------------+----------------------------+-----
Shields        | 4 5 6 7 9 |  9.1
Fighting       | 4 5 6 |  6.1
Armour         | 4 5 6 7 8 |  8.8
Maces & Flails | 3 4 5 |  5.7
Polearms       | 2 |  2.4

Action                   |  1- 3 |  4- 6 |  7- 9 || total
-------------------------+-------+-------+-------++-------
Melee: Flail             |   100 |   236 |   281 ||   617
       Spear             |       |       |   172 ||   172
Invok: Heroism           |       |       |     3 ||     3
Evoke: Wand              |       |       |     2 ||     2
  Use: Potion            |       |     3 |     4 ||     7
       Scroll            |       |       |    11 ||    11
  Eat: Chunk             |       |     5 |     9 ||    14
       Beef jerky        |       |       |     1 ||     1
Armor: Scale mail        |    65 |    94 |       ||   159
       Ring mail         |       |    58 |   151 ||   209
Dodge: Dodged            |    35 |    91 |   102 ||   228
Block: Shield            |    63 |   140 |   146 ||   349
       Large shield      |       |       |    52 ||    52
